 Dungeon Crawl Stone Soup version 0.18-a0-1300-g6e8322c (webtiles) character file.

28 dvd the Firebug (level 3, 0/19 HPs)
             Began as a Deep Elf Fire Elementalist on Feb 11, 2016.
             Slain by Crazy Yiuf
             ... wielding a +3 quarterstaff of chaos
              (11 damage)
             ... on level 2 of the Dungeon.
             The game lasted 00:02:43 (826 turns).

dvd the Firebug (Deep Elf Fire Elementalist)         Turns: 826, Time: 00:02:44

Health: 0/19       AC:  2    Str:  5    XL:     3   Next: 0%
Magic:  1/9        EV: 13    Int: 20    God:
Gold:   53         SH:  0    Dex: 15    Spells: 2 memorised, 5 levels left

rFire  . . .     SeeInvis .     (no weapon)
rCold  . . .     Gourm    .     a - +0 robe
rNeg   . . .     Faith    .     (no shield)
rPois  .         Spirit   .     (no helmet)
rElec  .         Dismiss  .     (no cloak)
rCorr  .         Reflect  .     (no gloves)
SustAt .         Harm     .     (no boots)
MR     .....                    (no amulet)
Stlth  ++........               (no ring)
                                (no ring)

@: very slightly contaminated, not resistant to hostile enchantments, unstealthy
A: no striking features
a: no special abilities


You were on level 2 of the Dungeon.
You were not hungry.

You visited 1 branch of the dungeon, and saw 2 of its levels.

You collected 53 gold pieces.

Inventory:

Armour
 a - a +0 robe (worn)
Scrolls
 g - a scroll of identify {unknown}
 h - a scroll of remove curse {unknown}
 j - a scroll of amnesia {unknown}
 k - a scroll of teleportation {unknown}
Potions
 e - a potion of berserk rage {unknown}
Books
 b - a book of Flames

   Spells                             Type                      Level
   a - Flame Tongue                   Conjuration/Fire             1
   b - Throw Flame                    Conjuration/Fire             2
   c - Conjure Flame                  Conjuration/Fire             3
   d - Inner Flame                    Hexes/Fire                   3
   e - Sticky Flame                   Conjuration/Fire             4
   f - Fireball                       Conjuration/Fire             5
Comestibles
 c - a bread ration
 d - 2 meat rations
 f - 3 fruits
 i - 3 chunks of flesh


   Skills:
 + Level 2.7 Dodging
 + Level 2.4 Stealth
 + Level 3.4 Spellcasting
 + Level 1.3 Conjurations
 + Level 4.1 Fire Magic


You had 5 spell levels left.
You knew the following spells:

 Your Spells              Type           Power        Failure   Level  Hunger
a - Flame Tongue          Conj/Fire      ##...        4%          1    None
b - Throw Flame           Conj/Fire      ##....       10%         2    ##.....


Dungeon Overview and Level Annotations

Branches:
Dungeon (2/15)

Altars:

Annotations:
D:2 Crazy Yiuf


Message History

Aim: Crazy Yiuf, wielding a quarterstaff of chaos and wearing an embroidered cloak (heavily wounded)
The flame tongue misses Crazy Yiuf.
Crazy Yiuf barely misses you.
Casting: Flame Tongue
Confirm with . or Enter, or press ? or * to list all spells.
Aiming: Flame Tongue
Press: ? - help, Shift-Dir - straight line, f/p - Crazy Yiuf
Aim: Crazy Yiuf, wielding a quarterstaff of chaos and wearing an embroidered cloak (heavily wounded)
The flame tongue hits Crazy Yiuf.
Crazy Yiuf is severely wounded.
Crazy Yiuf hits you but does no damage.
Casting: Flame Tongue
Confirm with . or Enter, or press ? or * to list all spells.
Aiming: Flame Tongue
Press: ? - help, Shift-Dir - straight line, f/p - Crazy Yiuf
Aim: Crazy Yiuf, wielding a quarterstaff of chaos and wearing an embroidered cloak (severely wounded)
The flame tongue hits Crazy Yiuf.
Crazy Yiuf is severely wounded.
Crazy Yiuf hits you with a quarterstaff of chaos!
Ouch! That really hurt!
You die...

####### #.....#
#.....### ###
♣♣####........ #)..#♣
♣♣..........###
#.....♣♣♣♣...........#
♣g@♣......###.###
♣♣♣.♣....## #.#
♣♣♣♣♣##.###.###
#.......## ###
#........# #.#
#.##.##..# #.#
#.##.##..##
#.#####..........
#...............#


You could see Crazy Yiuf.

Vanquished Creatures
  A worm (D:2)
  3 bats
  A giant cockroach (D:1)
  5 goblins
  5 hobgoblins (D:1)
  A kobold (D:1)
  2 giant newts (D:1)
  4 rats
22 creatures vanquished.

Notes
Turn   | Place    | Note
--------------------------------------------------------------
     0 | D:1      | dvd the Deep Elf Fire Elementalist began the quest for the Orb.
     0 | D:1      | Reached XP level 1. HP: 10/10 MP: 6/6
   182 | D:1      | Reached XP level 2. HP: 15/15 MP: 5/8
   257 | D:1      | Learned a level 2 spell: Throw Flame
   324 | D:1      | Reached skill level 4 in Fire Magic
   584 | D:2      | Found a faded altar to an unknown god.
   774 | D:2      | Reached XP level 3. HP: 19/19 MP: 6/9
   815 | D:2      | Noticed Crazy Yiuf
   826 | D:2      | Slain by Crazy Yiuf

Vault maps used:
D:1:      minmay_arrival_semitransparent
D:2:      lemuel_coloured_pillars_altar, ecumenical_altar_2,
          minmay_misc_feat_alley, uniq_crazy_yiuf_cottage, uniq_natasha

Action                   || total
-------------------------++-------
 Cast: Flame Tongue      ||    41
       Throw Flame       ||     6
